 Dungeon Crawl Stone Soup version 0.31.0-10-gcf4a605ca0 (webtiles) character file.

Game seed: 1572101460005888308

72 Daunt the Digger (level 4, -1/32 HPs)
             Began as a Gnoll Earth Elementalist on Jan 25, 2024.
             Killed by divine providence
             ... invoked by an orc priest
              (10 damage)
             ... on level 3 of the Dungeon.
             The game lasted 00:06:36 (754 turns).

Daunt the Digger (Gnoll Earth Elementalist)          Turns: 754, Time: 00:06:37

Health: -1/32      AC:  2    Str:  7    XL:     4   Next: 25%
Magic:  11/11      EV: 14    Int: 14    God:
Gold:   88         SH:  0    Dex: 15    Spells: 9/13 levels left

rFire   . . .        h - +1 sling (drain)
rCold   . . .        (no shield)
rNeg    . . .        a - +0 robe
rPois   .            (no helmet)
rElec   .            (no cloak)
rCorr   .            (no gloves)
SInv    .            (no boots)
Will    .....        (no amulet)
Stlth   +++          (no ring)
HPRegen 0.25/turn    (no ring)
MPRegen 0.12/turn

%: no passive effects
@: no status effects
A: fangs 1, strong nose, distributed training
a: no special abilities


You were on level 3 of the Dungeon.
You visited 1 branch of the dungeon, and saw 3 of its levels.

You collected 88 gold pieces.

Inventory:

Hand Weapons
 g - a +0 whip
 h - a +1 sling of draining (weapon)
 l - a +3 short sword
Missiles
 e - 15 stones
 f - 6 darts of dispersal
 n - 3 poisoned darts
Armour
 a - a +0 robe (worn)
Scrolls
 c - 2 scrolls of identify {unknown}
 i - a scroll of poison {unknown}
 j - a scroll of teleportation {unknown}
 k - a scroll of silence {unknown}
Potions
 b - a potion of magic
 d - a potion of brilliance {unknown}
 m - a potion of curing {unknown}


   Skills:
 + Level 1.1 Fighting
 + Level 1.1 Short Blades
 + Level 1.1 Long Blades
 + Level 1.1 Axes
 + Level 1.1 Maces & Flails
 + Level 1.1 Polearms
 + Level 1.1 Staves
 + Level 1.1 Ranged Weapons
 + Level 1.1 Throwing
 + Level 1.1 Armour
 + Level 4.6 Dodging
 + Level 4.2 Stealth
 + Level 1.1 Shields
 + Level 1.1 Unarmed Combat
 + Level 5.1 Spellcasting
 + Level 2.2 Conjurations
 + Level 0.9 Hexes
 + Level 0.9 Summonings
 + Level 0.9 Necromancy
 + Level 0.9 Translocations
 + Level 0.9 Fire Magic
 + Level 0.9 Ice Magic
 + Level 0.9 Air Magic
 + Level 5.4 Earth Magic
 + Level 0.9 Alchemy
 + Level 1.2 Invocations
 + Level 1.1 Evocations
 + Level 1.0 Shapeshifting


You had 9 spell levels left.
You knew the following spells:

 Your Spells              Type           Power      Damage    Failure   Level
a - Sandblast             Erth           36%        2d10      1%          1
p - Passwall              Erth           18%        N/A       5%          3

Your spell library contained the following spells:

 Spells                   Type           Power      Damage    Failure   Level
 Sting                    Conj/Alch      32%        1d5       9%          1
 Stone Arrow              Conj/Erth      28%        3d8       11%         3
 Freeze                   Ice            24%        1d4       12%         1
 Mercury Vapours          Alch/Air       12%        N/A       19%         2
 Hailstorm                Conj/Ice       8%         3d5       26%         3
 Frozen Ramparts          Ice            12%        1d2       34%         3
 Gell's Gravitas          Tloc           6%         N/A       34%         3
 Teleport Other           Tloc           6%         N/A       34%         3
 Brom's Barrelling Bould  Conj/Erth      14%        2d4       34%         4
 Petrify                  Alch/Erth      12%        N/A       43%         4
 Olgreb's Toxic Radiance  Alch           6%         N/A       75%         4
 Summon Forest            Summ/Tloc      3%         N/A       97%         5
 Summon Mana Viper        Hex/Summ       6%         N/A       97%         5
 Dispersal                Tloc           3%         N/A       100%        6
 Summon Cactus Giant      Summ           3%         N/A       100%        6


Dungeon Overview and Level Annotations

Branches:
Dungeon (3/15)

Altars:


Innate Abilities, Weirdness & Mutations

You have very sharp teeth.
Your uncanny sense of smell can sniff out nearby items.
Your experience applies equally to all skills.


Message History

No target in view!
No target in view!
No target in view!
You shoot a sling bullet. The sling bullet hits the adder.
You kill the adder!
No target in view!
No target in view!
Found a stone staircase leading down.
There is a stone staircase leading down here.
You climb downwards.
There is a stone staircase leading up here.
Found a scroll labelled REL ARIARIHY.
An orc comes into view. It is wielding a +0 flail.
The orc moves out of view.
An orc priest comes into view. It is wielding a +0 flail.
You see here a scroll labelled REL ARIARIHY.
You shoot a sling bullet.
The sling bullet closely misses the orc.
The sling bullet completely misses the orc priest.
The orc priest shouts!
You hear a shout!
You shoot a sling bullet.
The sling bullet closely misses the orc.
You shoot a sling bullet. The sling bullet barely misses the orc.
The orc priest casts a cantrip, but nothing happens.
You shoot a sling bullet.
The sling bullet completely misses the orc.
The orc priest mumbles some strange prayers to Beogh against you.
Beogh smites you! The orc hits you with a +0 flail!
* * * LOW HITPOINT WARNING * * *
The orc priest begins to cast a cantrip, but forgets the words!
The orc barely misses you.
You are too injured to fight recklessly!
Fire: h) +1 sling (drain)
Press: ? - help, Q - select action, (/) - cycle Shift-Dir - straight line, f/p - orc
Aim: an orc, wielding a +0 flail and wearing a +0 leather armour (56% to hit)
You shoot a sling bullet. The sling bullet hits the orc.
You drain the orc.
The orc is almost dead.
The orc priest invokes the aid of Beogh against you.
Beogh smites you!
You die...

############
#..........#
#.########.#
#.# #.# #.#
#.# #.# #.#
.#####.##
#.#
........@#
#.#
..######o#
#.# #.# #.#
#.# #.# ..o
#.# .#.
#.### . .#
#...# ## ##
###<# ∆ #.#


You could see an orc priest and an orc (very drained).

Vanquished Creatures
  2 adders (D:2)
  3 dart slugs (D:2)
  2 bats (D:3)
  5 endoplasms
  A giant cockroach (D:2)
  6 goblins
  5 hobgoblins
  2 jackals (D:2)
  6 ball pythons
  4 frilled lizards
  4 kobolds
  5 rats
45 creatures vanquished.

Notes
Turn   | Place    | Note
-------+----------+-------------------------------------------
     0 | D:1      | Daunt the Gnoll Earth Elementalist began the quest for the
                  | Orb.
     0 | D:1      | Reached XP level 1. HP: 13/13 MP: 6/6
   167 | D:2      | Reached XP level 2. HP: 20/20 MP: 4/7
   233 | D:1      | Reached skill level 5 in Spellcasting
   233 | D:1      | Reached XP level 3. HP: 25/25 MP: 3/9
   329 | D:2      | Reached skill level 1 in Invocations
   441 | D:3      | Learned a level 3 spell: Passwall
   494 | D:3      | Reached skill level 1 in Fighting
   494 | D:3      | Reached skill level 1 in Short Blades
   494 | D:3      | Reached skill level 1 in Long Blades
   494 | D:3      | Reached skill level 1 in Axes
   494 | D:3      | Reached skill level 1 in Maces & Flails
   494 | D:3      | Reached skill level 1 in Polearms
   494 | D:3      | Reached skill level 1 in Staves
   494 | D:3      | Reached skill level 1 in Ranged Weapons
   494 | D:3      | Reached skill level 1 in Throwing
   494 | D:3      | Reached skill level 1 in Armour
   494 | D:3      | Reached skill level 1 in Shields
   494 | D:3      | Reached skill level 1 in Unarmed Combat
   494 | D:3      | Reached skill level 1 in Evocations
   630 | D:2      | Reached skill level 1 in Shapeshifting
   630 | D:2      | Reached XP level 4. HP: 32/32 MP: 11/11
   637 | D:2      | Found a faded altar of an unknown god.
   754 | D:3      | Killed from afar by an orc priest

Illustrated notes

Levels and vault maps discovered:
D:1:      ebering_hopf_link, layout_basic
D:2:      layout_loops_corners, ebering_ecumenical_altar_ruins,
          minmay_misc_feat_encased, minmay_tripent
D:3:      layout_loops_ring, ebering_ghost_rock_garden

Skill      XL: |  1  2  3 |
---------------+----------+-----
Conjurations   | 2 |  2.2
Spellcasting   | 5 |  5.1
Invocations    | 1 |  1.2
Fighting       | 1 |  1.1
Short Blades   | 1 |  1.1
Long Blades    | 1 |  1.1
Axes           | 1 |  1.1
Maces & Flails | 1 |  1.1
Polearms       | 1 |  1.1
Staves         | 1 |  1.1
Ranged Weapons | 1 |  1.1
Throwing       | 1 |  1.1
Armour         | 1 |  1.1
Shields        | 1 |  1.1
Unarmed Combat | 1 |  1.1
Evocations     | 1 |  1.1
Shapeshifting  | 1 |  1.0
Dodging        | |  4.6
Stealth        | |  4.2
Hexes          | |  0.9
Summonings     | |  0.9
Necromancy     | |  0.9
Translocations | |  0.9
Fire Magic     | |  0.9
Ice Magic      | |  0.9
Air Magic      | |  0.9
Earth Magic    | |  5.4
Alchemy        | |  0.9

Action                     |  1- 3 |  4- 6 || total
---------------------------+-------+-------++-------
   Fire: Sling             |    47 |    15 ||    62
   Cast: Sandblast         |    15 |       ||    15
 Armour: Robe              |     2 |     3 ||     5
  Dodge: Dodged            |     5 |     4 ||     9
